General information
- name: BNet
- type: Ladder team game (AT/RT)
- host: Battle.net
- saver: DeathOfTheWest
map: TwilightRuins
- players: 8
- length: 29:00
- speed: Fast
- version: 1.26 W3XP
- replay type: Public
» download(160 KB)
Players
team 1 (loser)
KingEllesar (
yellow | 47 APM | 883 actions | 18:54)
4 Death Knight
2 Death Coil
2 Unholy Aura
2 Lich
1 Frost Armor
1 Dark Ritual
» actions
| Assign group hotkey | 19 | |
| Basic commands | 1 | |
| Build / train | 76 | |
| Enter build submenu | 27 | |
| Enter hero's abilities submenu | 6 | |
| Right click | 265 | |
| Select / deselect | 152 | |
| Select group hotkey | 291 | |
| Use ability | 46 | |
883 total
» units
| Acolyte | 42 | |
| Ghoul | 4 | |
| Crypt Fiend | 4 | |
50 total
» upgrades
| Creature Attack | 1 | |
| Creature Carapace | 1 | |
| Burrow | 1 | |
| Web | 1 | |
| Ghoul Frenzy | 1 | |
5 total
» buildings
| Crypt | 1 | |
| Ziggurat | 9 | |
| Altar of Darkness | 1 | |
| Graveyard | 1 | |
| Halls of the Dead | 1 | |
| Tomb of Relics | 1 | |
| Sacrificial Pit | 2 | |
| Black Citadel | 1 | |
| Scout Tower | 1 | |
| Lumber Mill | 1 | |
| Spirit Tower | 6 | |
| Necropolis | 1 | |
| Boneyard | 1 | |
27 total
» build order
00:08 Crypt
00:12 Ziggurat
00:35 Altar of Darkness
00:59 Graveyard
01:57 Ziggurat
03:56 Ziggurat
05:25 Halls of the Dead
05:35 Ziggurat
05:38 Tomb of Relics
06:10 Ziggurat
06:51 Ziggurat
08:24 Sacrificial Pit
09:34 Black Citadel
10:07 Scout Tower
10:09 Lumber Mill
10:24 Spirit Tower
10:24 Spirit Tower
10:25 Spirit Tower
13:17 Ziggurat
13:20 Ziggurat
13:41 Spirit Tower
13:46 Ziggurat
13:52 Spirit Tower
16:05 Necropolis
16:45 Boneyard
17:11 Spirit Tower
17:42 Sacrificial Pit
» items
| Boots of Speed | 1 | |
| Scroll of Town Portal | 2 | |
| Potion of Healing | 2 | |
5 total
Enforz (
orange | 57 APM | 1164 actions | 20:26)
4 Demon Hunter
2 Immolation
2 Evasion
2 Priestess of the Moon
1 Trueshot Aura
1 Searing Arrows
» actions
| Assign group hotkey | 13 | |
| Basic commands | 9 | |
| Build / train | 72 | |
| ESC pressed | 3 | |
| Enter build submenu | 17 | |
| Enter hero's abilities submenu | 6 | |
| Give item / drop item | 3 | |
| Right click | 543 | |
| Select / deselect | 163 | |
| Select group hotkey | 280 | |
| Use ability | 55 | |
1164 total
» units
| Wisp | 21 | |
| Archer | 4 | |
| Huntress | 1 | |
| Hippogryph | 17 | |
| Chimaera | 4 | |
| Druid of the Talon | 2 | |
49 total
» upgrades
| Strength of the Wild | 2 | |
| Reinforced Hides | 1 | |
| Corrosive Breath | 1 | |
4 total
» buildings
| Altar of Elders | 1 | |
| Moon Well | 6 | |
| Ancient of War | 1 | |
| Tree of Ages | 1 | |
| Hunter's Hall | 1 | |
| Ancient of Wonders | 1 | |
| Tree of Eternity | 1 | |
| Ancient of Wind | 1 | |
| Chimaera Roost | 2 | |
| Tree of Life | 1 | |
16 total
» build order
00:09 Altar of Elders
00:23 Moon Well
00:37 Ancient of War
01:28 Moon Well
03:05 Moon Well
03:53 Tree of Ages
04:34 Hunter's Hall
05:54 Ancient of Wonders
06:27 Tree of Eternity
06:34 Ancient of Wind
07:02 Moon Well
08:56 Chimaera Roost
09:04 Chimaera Roost
09:09 Moon Well
11:33 Moon Well
17:16 Tree of Life
» items
| Scroll of Regeneration | 2 | |
| Lesser Clarity Potion | 1 | |
| Mechanical Critter | 1 | |
| Scroll of Town Portal | 2 | |
| Potion of Healing | 2 | |
| Wand of Illusion | 1 | |
9 total

»
chikungougna (
green | 32 APM | 913 actions | 28:58)
6 Demon Hunter
3 Immolation
1 Evasion
1 Mana Burn
1 Metamorphosis
5 Priestess of the Moon
3 Trueshot Aura
1 Searing Arrows
1 Scout
1 Lich
1 Frost Nova
1 Death Knight
1 Unholy Aura
» actions
| Basic commands | 61 | |
| Build / train | 89 | |
| Enter build submenu | 28 | |
| Enter hero's abilities submenu | 13 | |
| Remove unit from queue | 1 | |
| Right click | 276 | |
| Select / deselect | 365 | |
| Use ability | 80 | |
913 total
» units
| Wisp | 28 | |
| Archer | 5 | |
| Chimaera | 18 | |
| Hippogryph | 1 | |
| Crypt Fiend | 4 | |
| Frost Wyrm | 4 | |
60 total
» upgrades
| Strength of the Wild | 2 | |
| Reinforced Hides | 1 | |
| Corrosive Breath | 1 | |
| Creature Attack | 1 | |
| Freezing Breath | 1 | |
| Creature Carapace | 1 | |
7 total
» buildings
| Moon Well | 10 | |
| Altar of Elders | 1 | |
| Ancient of War | 1 | |
| Ancient of Wonders | 1 | |
| Arcane Vault | 1 | |
| Tree of Ages | 1 | |
| Hunter's Hall | 1 | |
| Tree of Life | 4 | |
| Tree of Eternity | 1 | |
| Ancient of Wind | 1 | |
| Chimaera Roost | 3 | |
| Ancient of Lore | 2 | |
27 total
» build order
00:23 Moon Well
00:37 Altar of Elders
00:54 Ancient of War
01:37 Moon Well
02:04 Ancient of Wonders
02:08 Moon Well
03:33 Arcane Vault
03:45 Tree of Ages
03:59 Hunter's Hall
04:42 Moon Well
05:47 Moon Well
06:05 Tree of Life
06:14 Tree of Eternity
06:18 Ancient of Wind
07:35 Moon Well
08:36 Chimaera Roost
08:40 Chimaera Roost
08:43 Chimaera Roost
09:54 Moon Well
15:33 Tree of Life
15:45 Tree of Life
25:55 Tree of Life
26:26 Moon Well
26:30 Moon Well
26:33 Ancient of Lore
26:35 Ancient of Lore
26:40 Moon Well
» items
| Scroll of Town Portal | 3 | |
| Orb of Venom | 1 | |
4 total
PatCache (
red | 0 APM | 0 actions | 03:16)
team 2 (winner)
diksaxet (
purple | 31 APM | 895 actions | 28:58)
4 Keeper of the Grove
2 Entangling Roots
2 Force of Nature
2 Demon Hunter
1 Immolation
1 Evasion
» actions
| Basic commands | 8 | |
| Build / train | 83 | |
| Enter build submenu | 36 | |
| Enter hero's abilities submenu | 6 | |
| Remove unit from queue | 2 | |
| Right click | 231 | |
| Select / deselect | 432 | |
| Use ability | 97 | |
895 total
» units
| Wisp | 40 | |
| Archer | 15 | |
| Hippogryph | 11 | |
66 total
» upgrades
» buildings
| Altar of Elders | 1 | |
| Moon Well | 6 | |
| Ancient of War | 3 | |
| Ancient of Wonders | 2 | |
| Hunter's Hall | 1 | |
| Tree of Ages | 2 | |
| Ancient Protector | 7 | |
| Tree of Life | 4 | |
| Ancient of Wind | 8 | |
| Tree of Eternity | 1 | |
35 total
» build order
00:09 Altar of Elders
00:15 Moon Well
00:23 Ancient of War
01:33 Moon Well
01:48 Ancient of Wonders
02:41 Hunter's Hall
03:46 Tree of Ages
03:50 Ancient Protector
04:05 Moon Well
05:14 Ancient Protector
05:39 Tree of Life
06:08 Ancient of Wind
06:12 Ancient of Wind
07:12 Moon Well
11:52 Tree of Eternity
11:56 Tree of Life
12:36 Tree of Life
13:11 Moon Well
15:24 Tree of Life
15:39 Moon Well
16:32 Ancient Protector
16:36 Ancient Protector
16:44 Ancient of Wonders
17:02 Ancient Protector
18:32 Tree of Ages
19:10 Ancient of War
21:07 Ancient of Wind
21:13 Ancient of Wind
21:20 Ancient of Wind
23:17 Ancient of Wind
23:27 Ancient of Wind
23:32 Ancient of Wind
23:42 Ancient of War
25:19 Ancient Protector
25:22 Ancient Protector
» items
| Potion of Lesser Invulnerability | 1 | |
| Scroll of Town Portal | 2 | |
3 total
JacobCampbell (
teal | 54 APM | 1553 actions | 28:58)
10 Blademaster
3 Wind Walk
3 Critical Strike
1 Bladestorm
3 Mirror Image
» actions
| Assign group hotkey | 28 | |
| Basic commands | 31 | |
| Build / train | 80 | |
| Enter build submenu | 35 | |
| Enter hero's abilities submenu | 10 | |
| Give item / drop item | 5 | |
| Remove unit from queue | 5 | |
| Right click | 748 | |
| Select / deselect | 317 | |
| Select group hotkey | 149 | |
| Use ability | 145 | |
1553 total
» units
| Peon | 9 | |
| Grunt | 4 | |
| Goblin Shredder | 2 | |
| Troll Batrider | 2 | |
| Wind Rider | 3 | |
20 total
» upgrades
| Ranged Weapons | 3 | |
| Armor | 3 | |
| Pillage | 1 | |
| Troll Regeneration | 1 | |
| Ensnare | 1 | |
| Reinforced Defenses | 1 | |
| Envenomed Spears | 1 | |
| Liquid Fire | 1 | |
| Burning Oil | 1 | |
| Spiked Barricades | 3 | |
| Melee Weapons | 1 | |
17 total
» buildings
| Orc Burrow | 5 | |
| Altar of Storms | 1 | |
| Barracks | 1 | |
| Voodoo Lounge | 1 | |
| Stronghold | 1 | |
| War Mill | 1 | |
| Great Hall | 2 | |
| Beastiary | 6 | |
| Watch Tower | 22 | |
| Fortress | 1 | |
41 total
» build order
00:16 Orc Burrow
00:54 Altar of Storms
00:55 Barracks
01:10 Orc Burrow
01:51 Voodoo Lounge
02:50 Stronghold
04:04 Orc Burrow
04:17 War Mill
05:47 Great Hall
05:57 Beastiary
05:58 Beastiary
06:47 Watch Tower
06:48 Watch Tower
06:51 Watch Tower
07:40 Watch Tower
07:41 Watch Tower
09:10 Fortress
09:16 Beastiary
09:18 Beastiary
11:37 Watch Tower
11:37 Watch Tower
11:38 Watch Tower
11:53 Orc Burrow
13:57 Beastiary
13:57 Beastiary
17:46 Watch Tower
17:46 Watch Tower
17:47 Watch Tower
17:49 Watch Tower
17:49 Watch Tower
17:50 Watch Tower
21:12 Great Hall
21:13 Watch Tower
21:14 Watch Tower
21:14 Watch Tower
21:14 Watch Tower
21:16 Watch Tower
21:16 Watch Tower
21:16 Watch Tower
21:17 Watch Tower
26:29 Orc Burrow
» items
| Healing Salve | 2 | |
| Boots of Speed | 1 | |
| Potion of Healing | 4 | |
| Potion of Mana | 3 | |
| Orb of Lightning | 1 | |
| Lesser Clarity Potion | 4 | |
| Periapt of Vitality | 3 | |
| Staff of Teleportation | 1 | |
| Scroll of Town Portal | 5 | |
| Scroll of Regeneration | 1 | |
25 total
DeathOfTheWest (
pink | 113 APM | 3281 actions | 29:00)
6 Blood Mage
3 Flame Strike
2 Siphon Mana
1 Summon Phoenix
» actions
| Assign group hotkey | 78 | |
| Basic commands | 145 | |
| Build / train | 202 | |
| ESC pressed | 3 | |
| Enter build submenu | 67 | |
| Enter hero's abilities submenu | 6 | |
| Give item / drop item | 9 | |
| Right click | 774 | |
| Select / deselect | 419 | |
| Select group hotkey | 1383 | |
| Use ability | 195 | |
3281 total
» units
| Peasant | 30 | |
| Footman | 10 | |
| Goblin Shredder | 3 | |
| Sorceress | 3 | |
| Gryphon Rider | 5 | |
| Dragonhawk Rider | 2 | |
53 total
» upgrades
| Swords | 3 | |
| Armor | 3 | |
| Masonry | 3 | |
| Lumber Harvesting | 2 | |
| Defend | 1 | |
| Sorceress Training | 2 | |
| Magic Sentry | 1 | |
| Animal War Training | 1 | |
| Storm Hammers | 1 | |
| Cloud | 1 | |
| Plating | 3 | |
| Gunpowder | 3 | |
| Long Rifles | 1 | |
| Priest Training | 2 | |
| Control Magic | 1 | |
| Backpack | 1 | |
29 total
» buildings
| Altar of Kings | 1 | |
| Barracks | 1 | |
| Farm | 11 | |
| Town Hall | 3 | |
| Arcane Vault | 1 | |
| Scout Tower | 39 | |
| Blacksmith | 1 | |
| Lumber Mill | 1 | |
| Arcane Tower | 6 | |
| Keep | 1 | |
| Guard Tower | 49 | |
| Castle | 2 | |
| Arcane Sanctum | 1 | |
| Gryphon Aviary | 4 | |
121 total
» build order
00:04 Altar of Kings
00:14 Barracks
00:20 Farm
00:49 Farm
01:41 Farm
02:29 Farm
03:17 Town Hall
04:22 Arcane Vault
04:36 Scout Tower
05:04 Blacksmith
05:07 Lumber Mill
05:43 Arcane Tower
06:08 Keep
06:27 Scout Tower
06:28 Scout Tower
06:29 Scout Tower
06:31 Scout Tower
07:09 Guard Tower
07:28 Farm
07:46 Scout Tower
07:49 Scout Tower
08:36 Castle
08:36 Castle
08:37 Arcane Tower
08:37 Arcane Tower
08:37 Guard Tower
08:37 Guard Tower
09:03 Arcane Sanctum
09:18 Scout Tower
09:19 Scout Tower
09:20 Scout Tower
09:22 Scout Tower
09:26 Scout Tower
09:27 Scout Tower
09:28 Scout Tower
09:52 Gryphon Aviary
09:57 Gryphon Aviary
10:01 Gryphon Aviary
10:04 Gryphon Aviary
10:07 Guard Tower
10:08 Guard Tower
10:08 Guard Tower
10:16 Guard Tower
10:39 Guard Tower
12:14 Farm
12:15 Farm
12:17 Farm
12:18 Farm
12:21 Farm
13:43 Farm
13:51 Scout Tower
13:52 Scout Tower
13:54 Scout Tower
13:58 Scout Tower
14:26 Guard Tower
14:26 Guard Tower
14:27 Guard Tower
14:27 Guard Tower
14:27 Guard Tower
14:31 Guard Tower
14:31 Guard Tower
14:32 Guard Tower
20:09 Town Hall
23:54 Scout Tower
23:54 Scout Tower
23:55 Scout Tower
23:55 Scout Tower
23:57 Scout Tower
23:58 Scout Tower
24:47 Scout Tower
24:48 Scout Tower
24:48 Scout Tower
24:49 Scout Tower
24:50 Guard Tower
24:50 Guard Tower
24:56 Scout Tower
24:58 Scout Tower
25:02 Scout Tower
25:03 Scout Tower
25:07 Scout Tower
25:09 Scout Tower
25:39 Arcane Tower
25:40 Arcane Tower
25:41 Guard Tower
25:41 Guard Tower
25:41 Guard Tower
25:42 Guard Tower
25:43 Guard Tower
25:43 Guard Tower
26:36 Town Hall
26:39 Scout Tower
26:40 Scout Tower
26:41 Scout Tower
26:43 Scout Tower
26:44 Scout Tower
27:10 Guard Tower
27:11 Guard Tower
27:12 Guard Tower
27:12 Guard Tower
27:13 Guard Tower
27:15 Guard Tower
27:16 Guard Tower
27:36 Guard Tower
27:36 Guard Tower
» items
| Periapt of Vitality | 1 | |
| Staff of Teleportation | 1 | |
| Scroll of Regeneration | 6 | |
| Mana Stone | 1 | |
| Potion of Invisibility | 2 | |
| Lesser Clarity Potion | 4 | |
| Potion of Healing | 1 | |
| Scroll of Town Portal | 4 | |
| Staff of Sanctuary | 1 | |
| Orb of Lightning | 1 | |
22 total

»
NorinRad (
blue | 78 APM | 2246 actions | 28:58)
5 Death Knight
1 Death Coil
1 Unholy Aura
3 Death Pact
2 Dark Ranger
1 Life Drain
1 Black Arrow
» actions
| Assign group hotkey | 52 | |
| Basic commands | 136 | |
| Build / train | 58 | |
| Enter build submenu | 13 | |
| Enter hero's abilities submenu | 7 | |
| Give item / drop item | 1 | |
| Right click | 107 | |
| Select / deselect | 162 | |
| Select group hotkey | 1657 | |
| Use ability | 53 | |
2246 total
» units
| Acolyte | 2 | |
| Ghoul | 3 | |
| Crypt Fiend | 14 | |
19 total
» upgrades
| Creature Attack | 3 | |
| Creature Carapace | 3 | |
| Web | 1 | |
7 total
» buildings
| Ziggurat | 6 | |
| Altar of Darkness | 1 | |
| Crypt | 2 | |
| Nerubian Tower | 3 | |
| Graveyard | 1 | |
| Tomb of Relics | 1 | |
| Halls of the Dead | 1 | |
| Black Citadel | 1 | |
16 total
» build order
00:18 Ziggurat
00:21 Altar of Darkness
00:49 Crypt
00:59 Ziggurat
01:12 Nerubian Tower
01:48 Graveyard
01:59 Nerubian Tower
02:18 Crypt
03:38 Tomb of Relics
04:26 Halls of the Dead
05:06 Ziggurat
06:02 Nerubian Tower
07:02 Ziggurat
07:49 Black Citadel
18:42 Ziggurat
18:47 Ziggurat
» items
| Dust of Appearance | 1 | |
| Circlet of Nobility | 1 | |
| Periapt of Vitality | 1 | |
| Orb of Corruption | 1 | |
| Potion of Mana | 3 | |
| Scroll of Healing | 1 | |
| Potion of Healing | 4 | |
| Healing Salve | 2 | |
| Scroll of Town Portal | 3 | |
| Orb of Lightning | 1 | |
18 total
Chat log
(00:30 / All) DeathOfTheWest: THEY'RE MAKING A NEW FILM
(00:33 / All) DeathOfTheWest: THEY SAY IT'S THE BEST
(00:38 / All) DeathOfTheWest: AND WE ALL HELPED MAKE IT
(00:41 / All) DeathOfTheWest: IT'S CALLED THE DEATH OF THE WEST!
(02:18 / Allies) JacobCampbell: Gold? Wood?
(02:40 / Allies) JacobCampbell: Gold me brothers
(02:44 / Allies) JacobCampbell: Contribute to the war effort
(10:11 / Allies) DeathOfTheWest: wood
(11:36 / Allies) diksaxet: fukinfg idiots
(11:43 / Allies) DeathOfTheWest: What?
(14:08 / Allies) diksaxet: tp noob
(14:17 / Allies) JacobCampbell: lawl
(14:29 / Allies) diksaxet: damn u mothewr fukers
(14:40 / Allies) DeathOfTheWest: mothewr fukers
(14:47 / Allies) DeathOfTheWest: What hole did you crawl out of that has such bad English?
(14:53 / Allies) DeathOfTheWest: What eastern European hell are you from?
(17:53 / Allies) JacobCampbell: lumber
(19:10 / All) DeathOfTheWest: I wonder why he left
(20:29 / All) DeathOfTheWest: stay
(20:30 / All) DeathOfTheWest: stay
(20:31 / All) DeathOfTheWest: stay
(20:37 / All) DeathOfTheWest: I have an offer you cannot refuse
(20:52 / 7) DeathOfTheWest: Teal and I are backstabbers
(20:55 / 7) DeathOfTheWest: we will kill our own team
(20:57 / 7) DeathOfTheWest: to give you the win
(21:00 / 7) DeathOfTheWest: all you need to do is stay
(21:02 / 7) DeathOfTheWest: sound fair?
(21:46 / Allies) diksaxet: lol
(21:49 / Allies) diksaxet: idiot tker
(22:00 / Allies) DeathOfTheWest: I'm not an idiot
(22:04 / Allies) DeathOfTheWest: I will destroy you
(22:37 / Allies) diksaxet: lol
(22:44 / Allies) diksaxet: wtf u retards doing?
(22:54 / Allies) JacobCampbell: defend my base mothafucka
(23:37 / 7) DeathOfTheWest: We are on your team but do not attack us
(23:41 / 7) DeathOfTheWest: we will kill our team ourselves
(24:56 / Allies) diksaxet: happy bitch?
(24:57 / Allies) diksaxet: :)
(25:07 / Allies) diksaxet: i will tk u and teal when i meet u
(25:15 / Allies) JacobCampbell: That's what they all say
(25:18 / Allies) DeathOfTheWest: Try it
(25:23 / Allies) DeathOfTheWest: I don't play on 1 account name
(25:43 / Allies) diksaxet: u will die
(25:47 / Allies) DeathOfTheWest: Sure I will lol
(25:59 / Allies) diksaxet: sooner or later u will
(26:04 / Allies) diksaxet: ;)
(26:08 / Allies) DeathOfTheWest: Oh really now?
(26:26 / Allies) diksaxet: lol
(26:38 / Allies) diksaxet: now win that shit for me noobs
(27:08 / Allies) DeathOfTheWest: nice try
(27:38 / All) diksaxet: lol,
(27:43 / All) diksaxet: kill the bitch
(27:49 / Allies) DeathOfTheWest: I think the human hall looks nice to the night elf buildings
(27:51 / Allies) DeathOfTheWest: Don't you?
(28:09 / All) diksaxet: i think u have some kind of retard brain
(28:10 / All) diksaxet: ;)
(28:12 / Allies) JacobCampbell: save my base nagger
(28:26 / All) DeathOfTheWest: that was a bad tp lol
(28:39 / All) diksaxet: yeah tipical for a noob